 Dungeon Crawl Stone Soup version 0.27.1 (webtiles) character file.

Game seed: 14589141607940798233

100 karkarkar the Chopper (level 4, -3/39 HPs)
             Began as a Minotaur Berserker on Aug 22, 2021.
             Was a Believer of Trog.
             Slain by an orc warrior (9 damage)
             ... on level 2 of the Dungeon.
             The game lasted 00:06:40 (2374 turns).

karkarkar the Chopper (Minotaur Berserker)          Turns: 2374, Time: 00:06:40

Health: -3/39      AC:  9    Str: 22    XL:     4   Next: 47%
Magic:  3/3        EV:  8    Int:  4    God:    Trog [**....]
Gold:   118        SH:  0    Dex: 10    Spells: 3/3 levels left

rFire    . . .     SeeInvis .   e - +2 dagger (flame)
rCold    . . .     Faith    .   (no shield)
rNeg     . . .     Spirit   .   l - +0 chain mail
rPois    .         Reflect  .   (helmet restricted)
rElec    .         Harm     .   (no cloak)
rCorr    .         Rampage  .   c - +0 pair of gloves
Will     ++...                  (no boots)
Stlth    ..........             (no amulet)
HPRegen  1.13/turn              (no ring)
MPRegen  0.08/turn              (no ring)

@: strong-willed, regenerating
A: horns 2, retaliatory headbutt
a: Renounce Religion, Berserk, Trog's Hand


You were on level 2 of the Dungeon.
You worshipped Trog.
Trog was pleased with you.
You visited 1 branch of the dungeon, and saw 3 of its levels.

You collected 118 gold pieces.

Inventory:

Hand Weapons
 a - a +0 hand axe
 e - a +2 dagger of flaming (weapon)
Missiles
 d - a throwing net
Armour
 c - a +0 pair of gloves (worn)
 l - a +0 chain mail (worn)
Scrolls
 b - a scroll of holy word {unknown}
 f - a scroll of enchant weapon {unknown}
Potions
 h - a potion of degeneration {unknown}
 k - a potion of lignification {unknown}
 m - a potion of haste {unknown}


   Skills:
 - Level 3.6 Fighting
 + Level 1.7 Short Blades
 + Level 5.7 Axes
 - Level 2.4 Armour
 - Level 2.1 Dodging
 + Level 1.0 Stealth


You had 3 spell levels left.
You didn't know any spells.
Your spell library was empty.

Dungeon Overview and Level Annotations

Branches:
Dungeon (3/15)

Altars:

Shops:
D:1 *


Innate Abilities, Weirdness & Mutations

You have a pair of horns on your head.
You reflexively headbutt those who attack you in melee.


Message History

You feel sick.
You are no longer poisoned.
The hobgoblin hits you but does no damage.
The hobgoblin throws a poisoned dart.
The poisoned dart barely misses you.
The orc warrior hits you but does no damage.
There is a stone staircase leading up here.
You can't go down here!
The orc warrior closely misses you.
You hear some strange, mumbled words.
A puff of flame appears from out of thin air!
The puff of flame hits you.
The hobgoblin hits you but does no damage.
You climb upwards.
Reactivating autopickup.
There is a stone staircase leading down here.
You hit the orc warrior but do no damage.
Your headbutt misses the orc warrior.
An orc warrior opens the door.
You barely miss the orc warrior.
Your chain mail prevents you from hitting the orc warrior.
The orc warrior barely misses you. The orc closely misses you.
You hit the orc warrior. You burn the orc warrior.
The orc warrior is moderately wounded.
The orc warrior hits you with a +1 halberd of flaming!
The orc warrior burns you. The orc hits you but does no damage.
You closely miss the orc warrior.
The orc warrior is moderately wounded.
The orc warrior closely misses you. The orc hits you with a +0 hand axe.
You hit the orc warrior. You burn the orc warrior.
The orc warrior is heavily wounded.
The orc warrior hits you with a +1 halberd of flaming!
* * * LOW HITPOINT WARNING * * *
The orc warrior burns you.
* * * LOW HITPOINT WARNING * * *
The orc hits you but does no damage.
You completely miss the orc warrior. Your headbutt misses the orc warrior.
The orc warrior is heavily wounded.
You hit the orc warrior. You burn the orc warrior.
The orc warrior is heavily wounded.
The orc warrior hits you with a +1 halberd of flaming!
You die...

########
#......########
###.###.##.....#
........##.....#
###............###
...............o@#
........#......#o####
........#..##.......#
........#...#.......#
#########.#.#.....>.#
########.#.####'####
#........#..###.#
#.######........####
##..................#


You could see an orc warrior and an orc.

Vanquished Creatures
  A hound zombie (D:3)
  2 adders
  2 worms (D:2)
  An orc (D:2)
  8 bats
  4 endoplasms
  A giant cockroach (D:1)
  3 goblins
  8 hobgoblins
  2 jackals (D:3)
  2 quokkas
  8 ball pythons
  5 frilled lizards
  4 kobolds (D:2)
  7 rats
  A spectral kobold (D:1)
59 creatures vanquished.

Notes
Turn   | Place    | Note
-------+----------+-------------------------------------------
     0 | D:1      | karkarkar the Minotaur Berserker began the quest for the
                  | Orb.
     0 | D:1      | Reached XP level 1. HP: 19/19 MP: 0/0
   195 | D:1      | Reached skill level 4 in Axes
   280 | D:1      | Reached XP level 2. HP: 23/26 MP: 1/1
   374 | D:1      | Found a faded altar of an unknown god.
   811 | D:1      | Found Rorphemu's General Store.
   812 | D:1      | Reached ** piety under Trog
   926 | D:2      | Reached skill level 5 in Axes
   926 | D:2      | Reached XP level 3. HP: 25/31 MP: 2/2
  1351 | D:2      | Reached skill level 1 in Short Blades
  1990 | D:3      | Reached XP level 4. HP: 38/39 MP: 3/3
  2001 | D:3      | Noticed an orc warrior
  2325 | D:3      | Reached skill level 1 in Stealth
  2374 | D:2      | Slain by an orc warrior

Illustrated notes

Levels and vault maps discovered:
D:1:      shiori_arrival_maze, layout_loops_ring,
          dreamdust_ecumenical_altar_drowned_temple, serial_shops,
          nicolae_lakefront_shop
D:2:      layout_basic, serial_park_tiny_2, minmay_randomly_rotated_circles
D:3:      layout_basic, uniq_terence

Skill      XL: |  1  2  3  4 |
---------------+-------------+-----
Axes           | 4 5 |  5.7
Short Blades   | 1 |  1.7
Stealth        | 1 |  1.0
Fighting       | |  3.6
Armour         | |  2.4
Dodging        | |  2.1

Action                   |  1- 3 |  4- 6 || total
-------------------------+-------+-------++-------
Melee: Hand axe          |    31 |       ||    31
       Headbutt          |    12 |     2 ||    14
       Dagger            |    65 |    27 ||    92
Invok: Trog's Hand       |     1 |     1 ||     2
  Use: Scroll            |     4 |       ||     4
 Stab: Sleeping          |     1 |       ||     1
Armor: Animal skin       |    20 |       ||    20
       Chain mail        |     1 |    20 ||    21
Dodge: Dodged            |    68 |    30 ||    98
